 Dungeon Crawl Stone Soup version 0.23-a0-586-gacb4b3f (webtiles) character file.

52907 nikopol the Eclecticist (level 14, -5/70 HPs)
             Began as a Deep Elf Fire Elementalist on Dec 18, 2018.
             Was a High Priest of Vehumet.
             Slain by a sun demon (19 damage)
             ... on level 6 of the Lair of Beasts on Dec 19, 2018.
             The game lasted 01:14:58 (22414 turns).

nikopol the Eclecticist (DEFE)                     Turns: 22414, Time: 01:14:59

Health: -5/70      AC: 12    Str:  5    XL:     14   Next: 28%
Magic:  4/37       EV: 15    Int: 26    God:    Vehumet [*****.]
Gold:   982        SH:  0    Dex: 19    Spells: 26/48 levels left

rFire    + . .     SeeInvis .   Q - staff of fire
rCold    + . .     Gourm    .   (no shield)
rNeg     . . .     Faith    .   U - +2 robe {MR+}
rPois    .         Spirit   .   v - +0 helmet
rElec    .         Reflect  .   H - +0 cloak
rCorr    .         Harm     .   (no gloves)
MR       ++...                  V - +4 pair of boots of Satisfaction {Dex+4}
Stlth    +++.......             a - amulet of regeneration
HPRegen  0.61/turn              M - ring of protection from cold
MPRegen  0.25/turn              (no ring)

@: no status effects
A: no striking features
a: Renounce Religion


You were on level 6 of the Lair of Beasts.
You worshipped Vehumet.
Vehumet was extremely pleased with you.
You were hungry.

You visited 3 branches of the dungeon, and saw 17 of its levels.

You collected 982 gold pieces.

Inventory:

Hand Weapons
 p - the +6 dagger of Lidaecyg {drain, rElec MR+ Int+8 Dex-2}
   (You found it on level 4 of the Dungeon)

   A truly terrible weapon, it drains the life of those it strikes.
   It affects your intelligence (+8).
   It affects your dexterity (-2).
   It insulates you from electricity.
   It affects your resistance to hostile enchantments.
Armour
 l - a +2 robe of cold resistance
 v - a +0 helmet (worn)
 H - a +0 cloak (worn)
 P - the +5 ring mail of the Wild Haggis {rF- rCorr Str-3 Slay+6}
   (You found it on level 1 of the Lair of Beasts)

   It affects your strength (-3).
   It affects your accuracy and damage with ranged weapons and melee attacks
   (+6).
   It makes you vulnerable to fire.
   It provides partial protection from all sources of acid and corrosion.
 U - a +2 robe of magic resistance (worn)
 V - the +4 pair of boots of Satisfaction (worn) {Dex+4}
   (You found it on level 2 of the Lair of Beasts)

   It affects your dexterity (+4).
Magical Staves
 Q - an uncursed staff of fire (weapon)
Jewellery
 a - an amulet of regeneration (around neck)
 M - a ring of protection from cold (left hand)
 S - the ring "Voiwk" {Dex+4 Slay+6}
   (You found it on level 2 of the Lair of Beasts)

   [ring of slaying]

   It affects your dexterity (+4).
   It affects your accuracy and damage with ranged weapons and melee attacks
   (+6).
 X - an uncursed ring of flight {unknown}
 Z - an uncursed ring of positive energy {unknown}
Wands
 n - a wand of random effects (57)
 r - a wand of digging (5)
 u - a wand of polymorph (5)
 z - a wand of acid (24)
 F - a wand of paralysis (11)
 J - a wand of disintegration (28)
 T - a wand of iceblast (10)
Scrolls
 b - 2 scrolls of teleportation
 e - 7 scrolls of enchant armour
 i - 2 scrolls of amnesia {unknown}
 j - 2 scrolls of immolation {unknown}
 o - 2 scrolls of fog {unknown}
 q - 4 scrolls of magic mapping {unknown}
 s - 9 scrolls of remove curse
 x - 5 scrolls of enchant weapon
 y - 5 scrolls of blinking {unknown}
 A - 2 scrolls of brand weapon {unknown}
 I - a scroll of silence {unknown}
 K - 4 scrolls of noise {unknown}
 L - 2 scrolls of random uselessness {unknown}
 O - 2 scrolls of fear {unknown}
Potions
 d - 5 potions of lignification
 f - 3 potions of curing
 g - 3 potions of heal wounds
 h - 2 potions of flight {unknown}
 k - 4 potions of mutation
 t - a potion of resistance
 w - 2 potions of ambrosia
 B - a potion of cancellation
 D - a potion of haste
 E - a potion of berserk rage
 G - a potion of brilliance
 R - 2 potions of invisibility
Comestibles
 c - 39 rations


   Skills:
 + Level 1.5 Fighting
 * Level 6.9 Armour
 + Level 4.8 Dodging
 + Level 5.2 Stealth
 + Level 17.5 Spellcasting
 + Level 13.3 Conjurations
 + Level 0.4 Translocations
 + Level 14.7 Fire Magic
 + Level 0.6 Air Magic


You had 26 spell levels left.
You knew the following spells:

 Your Spells              Type           Power        Failure   Level  Hunger
a - Flame Tongue          Conj/Fire      #####        0%          1    None
b - Throw Flame           Conj/Fire      ######       0%          2    None
c - Conjure Flame         Conj/Fire      #######.     0%          3    None
d - Sticky Flame          Conj/Fire      #######.     1%          4    None
e - Fireball              Conj/Fire      #######...   1%          5    None
f - Lightning Bolt        Conj/Air       ######....   1%          5    None
g - Blink                 Tloc           N/A          2%          2    None

Your spell library contained the following spells:

 Spells                   Type           Power        Failure   Level  Hunger
 Bolt of Fire             Conj/Fire      #######...   1%          6    ###....
 Magic Dart               Conj           ####         0%          1    None
 Apportation              Tloc           ####..       1%          1    None
 Shock                    Conj/Air       ####         1%          1    None
 Inner Flame              Hex/Fire       #######.     1%          3    None
 Mephitic Cloud           Conj/Pois/Air  #####...     1%          3    None
 Static Discharge         Conj/Air       ######..     1%          3    None
 Animate Skeleton         Necr           N/A          2%          1    None
 Confusing Touch          Hex            ###...       2%          1    None
 Infusion                 Chrm           ###.         2%          1    None
 Summon Butterflies       Summ           ###.....     2%          1    None
 Summon Small Mammal      Summ           ###.         2%          1    None
 Swiftness                Chrm/Air       ###.....     2%          2    None
 Call Imp                 Summ           ###.....     3%          2    None
 Shroud of Golubria       Chrm/Tloc      ###.......   3%          2    None
 Slow                     Hex            ###.....     3%          2    None
 Song of Slaying          Chrm           ###.....     3%          2    None
 Airstrike                Air            ####......   4%          4    None
 Lesser Beckoning         Tloc           ####......   5%          3    None
 Regeneration             Chrm/Necr      ###.......   6%          3    None
 Spectral Weapon          Hex/Chrm       ###.....     6%          3    None
 Tukima's Dance           Hex            ###.....     6%          3    None
 Alistair's Intoxication  Tmut/Pois      ###.....     52%         5    None
 Invisibility             Hex            ###.....     97%         6    ###....


Dungeon Overview and Level Annotations

Branches:
Dungeon (10/15)            Temple (1/1) D:5            Lair (6/6) D:10
 Shoals (0/4) Lair:4       Spider (0/4) Lair:3        Slime (0/5) Lair:5
    Orc (0/2) D:9

Altars:
Ashenzari
Cheibriados
Dithmenos
Elyvilon
Fedhas
Gozag
Hepliaklqana
Kikubaaqudgha
Makhleb
Nemelex Xobeh
Okawaru
Qazlal
Ru
Sif Muna
Trog
Uskayaw
Vehumet
Wu Jian
Xom
Yredelemnul
Zin
The Shining One
Jiyva

Shops:
D:8 [

Annotations:
D:6 2 transporters, Lavandula's ghost, novice HaEn
Lair:4 exclusion: 3 oklob plants


Message History

The plant is lightly damaged.
The iceblast engulfs the sun demon.
The sun demon is frozen!
The sun demon is severely wounded.
The hell hound breathes flames at you. The blast of flame hits you! You resist.
The sun demon hits you.
You are engulfed in flames.
You resist.
Evoke which item? (* to show all) (? for menu, Esc to quit)
Aiming: Iceblast
Press: ? - help, Shift-Dir - straight line The mass of ice explodes!
The iceblast engulfs the plant.
The plant is lightly damaged.
The iceblast engulfs the sun demon.
The sun demon is frozen!
The sun demon is almost dead.
The sun demon hits you!
You are engulfed in flames.
You resist.
* * * LOW HITPOINT WARNING * * *
The hell hound bites you but does no damage.
The hell hound bites you.
* * * LOW HITPOINT WARNING * * *
The sun demon hits you!!
You die...

....####..####...#......#.#.##
P...# #...# #....#P..........##
....###...# #P.....+.....P#...#
#...#.##..# ##....###...###PP##
...!..#P.## #....P######.##PP#
#...P.#..####P....P...##.P...#
......##..#P#...............###
....<..........h.....<.......P#
....3..........3@............##
............................P###
.P.....#...........###..#.P....#
##....รท.....#.....######.....###
##....#.+P........##.#......##
##...###....##..............#
#....###....#......P........##
#......#....#.....###........#
.P...###...##......#....#....#


You could see a sun demon and a hell hound.

Vanquished Creatures
  Harold (Lair:1)
  8 hydras
  Erica (Lair:2)
  A two-headed ogre (D:10)
  A catoblepas (Lair:6)
  Urug (Lair:2)
  An unseen horror (D:10)
  A wizard (Lair:6)
  A manticore (Lair:4)
  13 elephants
  6 black mambas
  3 moths of wrath (Lair:5)
  A smoke demon (Lair:6)
  6 spiny frogs
  7 komodo dragons
  2 torpor snails
  5 rime drakes
  2 orange demons (Lair:6)
  A centaur skeleton (D:10)
  An ice devil (Lair:6)
  A troll (D:10)
  3 meliai (Lair:5)
  2 red devils (Lair:6)
  A polar bear (Lair:6)
  11 tyrant leeches
  2 queen bees
  Prince Ribbit (D:5)
  16 blink frogs
  Grinder (D:3)
  9 hippogriffs
  Sigmund (D:2)
  Eustachio (D:4)
  27 yaks
  6 wyverns
  3 basilisks
  A hungry ghost (D:8)
  4 swamp worms (Lair:5)
  18 water moccasins
  4 hell hounds (Lair:6)
  3 ice beasts
  8 porcupines
  2 orc warriors
  A sky beast (D:8)
  2 phantoms (D:5)
  A black bear (D:6)
  2 necrophages
  4 ogres
  22 wolves
  6 centaurs
  14 crocodiles
  A big kobold (D:9)
  17 bullfrogs
  3 scorpions
  49 killer bees
  3 howler monkeys
  A centaur zombie (D:7)
  3 crimson imps
  2 quasits (D:9)
  12 orc priests
  3 hounds
  9 orc wizards
  6 jellies
  3 bullfrog skeletons
  Jessica (D:3)
  An iguana (D:7)
  Natasha (thrice) (D:3)
  3 worker ants
  A hound zombie (D:6)
  A hound skeleton (D:10)
  3 worker ant zombies
  Robin (D:4)
  13 gnolls
  5 adders
  5 river rats
  A shadow imp (D:9)
  An ooze (D:2)
  An adder zombie (D:2)
  3 adder skeletons
  A worm (D:5)
  A dart slug (D:4)
  4 leopard geckos
  56 orcs
  4 bats
  7 giant cockroaches
  16 goblins
  9 hobgoblins
  12 jackals
  12 kobolds
  3 quokkas
  4 ball pythons
  5 frilled lizards
  A jackal skeleton (D:7)
  A leopard gecko skeleton (D:8)
  A leopard gecko zombie (D:2)
  A quokka zombie (D:7)
  4 rats
  2 fungi
  3 plants
542 creatures vanquished.

Vanquished Creatures (collateral kills)
  A hydra (Lair:6)
  A spiny frog (Lair:6)
2 creatures vanquished.

Vanquished Creatures (others)
  A bush (Lair:6)
  27 fungi
  40 plants
68 creatures vanquished.

Grand Total: 612 creatures vanquished

Notes
Turn   | Place    | Note
-------+----------+-------------------------------------------
     0 | D:1      | nikopol the Deep Elf Fire Elementalist began the quest for
                  | the Orb.
     0 | D:1      | Reached XP level 1. HP: 10/10 MP: 6/6
   103 | D:1      | Reached XP level 2. HP: 15/15 MP: 5/8
   633 | D:1      | Reached XP level 3. HP: 19/19 MP: 6/9
   637 | D:1      | Learned a level 2 spell: Throw Flame
   641 | D:1      | Learned a level 3 spell: Conjure Flame
  1061 | D:2      | Found an iron altar of Okawaru.
  1149 | D:2      | Noticed Sigmund
  1643 | D:2      | Reached skill level 4 in Spellcasting
  1643 | D:2      | Reached XP level 4. HP: 20/24 MP: 3/12
  1878 | D:2      | Killed Sigmund
  1878 | D:2      | Reached skill level 5 in Spellcasting
  1878 | D:2      | Reached XP level 5. HP: 20/28 MP: 2/15
  1878 | D:2      | Reached XP level 6. HP: 23/32 MP: 2/16
  2247 | D:3      | Noticed Natasha
  2250 | D:3      | Killed Natasha
  2256 | D:3      | Learned a level 4 spell: Sticky Flame
  2262 | D:3      | Learned a level 5 spell: Fireball
  2321 | D:3      | Noticed Jessica
  2323 | D:3      | Killed Jessica
  2367 | D:3      | Noticed Natasha
  2371 | D:3      | Killed Natasha
  2488 | D:3      | Reached skill level 5 in Fire Magic
  2625 | D:3      | Noticed Natasha
  2627 | D:3      | Killed Natasha
  2627 | D:3      | Reached skill level 6 in Spellcasting
  2736 | D:3      | Found a shadowy altar of Dithmenos.
  2804 | D:3      | Noticed a +0 dagger
  2805 | D:3      | Noticed a +0 dagger
  2818 | D:3      | Found a hide-covered altar of Uskayaw.
  2851 | D:3      | Noticed Grinder
  2869 | D:3      | Killed Grinder
  2869 | D:3      | Reached XP level 7. HP: 36/36 MP: 9/18
  2995 | D:4      | Noticed Eustachio
  3067 | D:4      | Got a brightly glowing dagger
  3068 | D:4      | Identified the +6 dagger of Lidaecyg {drain, rElec MR+
                  | Int+8 Dex-2} (You found it on level 4 of the Dungeon)
  3232 | D:4      | Reached skill level 7 in Spellcasting
  3283 | D:4      | Noticed Robin
  3393 | D:4      | Killed Robin
  3690 | D:4      | Killed Eustachio
  3690 | D:4      | Reached skill level 5 in Conjurations
  3858 | D:4      | Found a shattered altar of Ashenzari.
  3917 | D:5      | Entered Level 5 of the Dungeon
  3918 | D:5      | Noticed Prince Ribbit
  3923 | D:5      | Killed Prince Ribbit
  3923 | D:5      | Reached skill level 8 in Spellcasting
  3923 | D:5      | Reached XP level 8. HP: 41/41 MP: 12/22
  4036 | D:5      | Found a sacrificial altar of Ru.
  4639 | D:5      | Reached skill level 9 in Spellcasting
  4909 | D:5      | Found a bloodstained altar of Trog.
  5047 | D:5      | Found a staircase to the Ecumenical Temple.
  5059 | Temple   | Entered the Ecumenical Temple
  5821 | D:6      | Found a transporter.
  5826 | D:6      | Reached XP level 9. HP: 37/45 MP: 9/24
  6150 | D:6      | Found a transporter.
  6150 | D:6      | Noticed Lavandula's ghost (novice HaEn)
  6278 | D:6      | Reached skill level 10 in Spellcasting
  6549 | D:6      | Found a sacrificial altar of Ru.
  6582 | D:6      | Found a shimmering altar of Xom.
  6586 | D:6      | Found a shimmering altar of Xom.
  6586 | D:6      | Found a shimmering altar of Xom.
  6587 | D:6      | Found a shimmering altar of Xom.
  6588 | D:6      | Found a shimmering altar of Xom.
  6596 | D:6      | Found a shimmering altar of Xom.
  6596 | D:6      | Found a shimmering altar of Xom.
  7213 | D:7      | Found a radiant altar of Vehumet.
  7221 | D:7      | Became a worshipper of Vehumet
  7394 | D:7      | Found an ancient bone altar of Kikubaaqudgha.
  7394 | D:7      | Found a snail-covered altar of Cheibriados.
  7969 | D:8      | Reached skill level 11 in Spellcasting
  8172 | D:8      | Reached XP level 10. HP: 51/51 MP: 16/27
  8315 | D:8      | Reached * piety under Vehumet
  8315 | D:8      | Offered knowledge of Sting by Vehumet.
  8744 | D:8      | Found Wiynirir's Antique Armour Boutique.
  9002 | D:9      | Found a staircase to the Orcish Mines.
  9992 | D:10     | Entered Level 10 of the Dungeon
  9992 | D:10     | Found a staircase to the Lair.
 10150 | D:10     | Reached skill level 10 in Fire Magic
 10173 | D:10     | Noticed a two-headed ogre
 10176 | D:10     | Killed a two-headed ogre
 10384 | D:10     | Reached ** piety under Vehumet
 10386 | D:10     | Offered knowledge of Sandblast by Vehumet.
 10494 | D:10     | Reached skill level 12 in Spellcasting
 10639 | D:10     | Reached skill level 5 in Stealth
 10879 | D:10     | Noticed an unseen horror
 10881 | D:10     | Killed an unseen horror
 10881 | D:10     | Reached skill level 1 in Fighting
 11262 | D:10     | Reached XP level 11. HP: 56/56 MP: 13/29
 11544 | Lair:1   | Entered Level 1 of the Lair of Beasts
 11670 | Lair:1   | Noticed Harold
 11676 | Lair:1   | Killed Harold
 11676 | Lair:1   | Reached skill level 13 in Spellcasting
 11684 | Lair:1   | Reached skill level 10 in Conjurations
 11818 | Lair:1   | Got a warped ring mail
 12079 | Lair:1   | Reached skill level 1 in Armour
 12651 | Lair:1   | Identified the +5 ring mail of the Wild Haggis {rF- rCorr
                  | Str-3 Slay+6} (You found it on level 1 of the Lair of
                  | Beasts)
 12928 | Lair:2   | Learned a level 5 spell: Lightning Bolt
 12931 | Lair:2   | Learned a level 2 spell: Blink
 12970 | Lair:2   | Noticed Urug
 13000 | Lair:2   | Killed Urug
 13159 | Lair:2   | Got a bound jade ring
 13160 | Lair:2   | Identified the ring "Voiwk" {Dex+4 Slay+6} (You found it on
                  | level 2 of the Lair of Beasts)
 13178 | Lair:2   | Offered knowledge of Ignite Poison by Vehumet.
 13349 | Lair:2   | Noticed Erica
 13520 | Lair:2   | Killed Erica
 13520 | Lair:2   | Reached *** piety under Vehumet
 13520 | Lair:2   | Reached skill level 14 in Spellcasting
 14001 | Lair:2   | Reached XP level 12. HP: 61/61 MP: 17/32
 14189 | Lair:2   | Offered knowledge of Throw Icicle by Vehumet.
 14506 | Lair:2   | Got a pair of heavily runed boots
 14517 | Lair:2   | Identified the +4 pair of boots of Satisfaction {Dex+4}
                  | (You found it on level 2 of the Lair of Beasts)
 15547 | Lair:3   | Found a hole to the Spider Nest.
 15680 | Lair:3   | Reached skill level 15 in Spellcasting
 15738 | Lair:3   | Reached **** piety under Vehumet
 16283 | Lair:4   | Noticed an eight-headed hydra
 16286 | Lair:4   | Killed an eight-headed hydra
 16633 | Lair:4   | Offered knowledge of Lee's Rapid Deconstruction by Vehumet.
 16710 | Lair:4   | Found a staircase to the Shoals.
 16788 | Lair:4   | Noticed a five-headed hydra
 16791 | Lair:4   | Killed a five-headed hydra
 17379 | Lair:5   | Reached XP level 13. HP: 65/65 MP: 22/34
 17732 | Lair:5   | Reached skill level 5 in Armour
 18050 | Lair:5   | Reached skill level 16 in Spellcasting
 18153 | Lair:5   | Reached ***** piety under Vehumet
 18311 | Lair:5   | Offered knowledge of Bolt of Fire by Vehumet.
 19689 | Lair:5   | Found a staircase to the Slime Pits.
 19690 | Lair:5   | Found a viscous altar of Jiyva.
 20069 | Lair:6   | Entered Level 6 of the Lair of Beasts
 20647 | Lair:6   | Reached skill level 17 in Spellcasting
 20735 | Lair:6   | Reached XP level 14. HP: 66/70 MP: 30/37
 22414 | Lair:6   | Slain by a sun demon

Vault maps used:
D:1:      dpeg_arrival_fog, chequers_serial_rivers_room_b
D:2:      cheibrodos_pilgrimage, lemuel_round_altar, serial_undead,
          serial_undead_c, serial_undead_d, serial_undead_d, serial_undead_e,
          uniq_sigmund
D:3:      grunt_dithmenos_smoke, dancing_weapons_uskayaw, first_ration,
          uniq_jessica, uniq_natasha, uniq_grinder
D:4:      nicolae_overflow_crystal_walls, uniq_robin, uniq_eustachio
D:5:      wad_woods_stonehenge, kennysheep_mini, minmay_temple_entry_offerings,
          grunt_decor_mini_mirrors, uniq_prince_ribbit1
D:6:      nicolae_xom_altar_mimics, gammafunk_ghost_arena,
          nicolae_ru_path_of_blood
D:7:      gammafunk_temple_overflow_elements, vehumet_crystals
D:8:      serial_shops, shop
D:9:      orc_0_dummy
D:10:     lair_entry_dummy
Temple:   nicolae_temple_god_jail
Lair:1:   uniq_harold
Lair:2:   regret_index_bee_streams, uniq_urug, uniq_erica
Lair:3:   spider_nest_entry_web_field, st_stairs_7, patterned_corridor
Lair:4:   minmay_shoals_entry_beasts, grunt_megastairs_3,
          minmay_lair_oklob_chamber
Lair:5:   slime_altar_1, worms_lemuel
Lair:6:   evil_forest, wad_woods_road_01

Skill      XL: |  1  2  3  4  5  6  7  8  9 10 11 12 13 14 |
---------------+-------------------------------------------+-----
Fire Magic     | 4 5 6 7 9 11 12 13 14 | 14.7
Stealth        | 3 4 5 |  5.2
Spellcasting   | 4 5 6 8 9 11 12 14 15 17 | 17.5
Conjurations   | 2 3 4 5 6 8 9 11 12 13 | 13.3
Dodging        | 3 4 |  4.8
Fighting       | 1 |  1.5
Armour         | 2 4 6 |  6.9
Translocations | |  0.4
Air Magic      | |  0.6

Action                   |  1- 3 |  4- 6 |  7- 9 | 10-12 | 13-15 || total
-------------------------+-------+-------+-------+-------+-------++-------
Melee: Unarmed           |     1 |       |       |       |       ||     1
       Dagger            |       |       |    61 |       |       ||    61
       Staff             |       |       |       |       |     1 ||     1
 Cast: Flame Tongue      |    70 |    60 |   200 |   223 |   133 ||   686
       Throw Flame       |     2 |     4 |    28 |    52 |    21 ||   107
       Conjure Flame     |     1 |     2 |     2 |     3 |     1 ||     9
       Sticky Flame      |       |     2 |    31 |    55 |    59 ||   147
       Fireball          |       |       |    31 |   124 |   110 ||   265
       Blink             |       |       |       |     1 |       ||     1
       Lightning Bolt    |       |       |       |       |    33 ||    33
Evoke: Wand              |       |       |       |       |     2 ||     2
  Use: Scroll            |       |       |     2 |     2 |    18 ||    22
       Potion            |       |       |       |       |     2 ||     2
  Eat: Chunk             |     2 |     1 |    16 |    25 |    15 ||    59
       Ration            |       |     1 |     1 |     1 |       ||     3
Armor: Robe              |     2 |     2 |    23 |    11 |    38 ||    76
Dodge: Dodged            |    13 |     9 |    63 |    63 |   108 ||   256

Table legend:
 A = Non-vault XP
 B = Vault XP
 C = Vault XP percentage of total XP
 D = Non-vault monster count
 E = Vault monster count
 F = Vault count percentage of total count
                 A         B        C        D         E       F
            +---------+---------+-------+---------+---------+-------
      Total |   48446 |   27136 |  35.9 |     384 |     155 |  28.8
            +---------+---------+-------+---------+---------+-------
        D:1 |      45 |       0 |   0.0 |      28 |       0 |   0.0
        D:2 |      17 |     324 |  95.0 |       8 |       8 |  50.0
        D:3 |     162 |     321 |  66.5 |      24 |       3 |  11.1
        D:4 |     220 |     246 |  52.8 |      13 |      14 |  51.9
        D:5 |    1170 |     361 |  23.6 |      31 |       8 |  20.5
        D:6 |     898 |       0 |   0.0 |      28 |       0 |   0.0
        D:7 |     815 |       0 |   0.0 |      32 |       0 |   0.0
        D:8 |    1438 |       0 |   0.0 |      29 |       0 |   0.0
        D:9 |     854 |       0 |   0.0 |      18 |       0 |   0.0
       D:10 |    4437 |       0 |   0.0 |      31 |       0 |   0.0
     Lair:1 |    3166 |    1220 |  27.8 |      14 |       2 |  12.5
     Lair:2 |    2076 |    7373 |  78.0 |      14 |      48 |  77.4
     Lair:3 |    5177 |       0 |   0.0 |      20 |       0 |   0.0
     Lair:4 |    5105 |    2227 |  30.4 |      18 |       5 |  21.7
     Lair:5 |   11181 |    7975 |  41.6 |      39 |      43 |  52.4
     Lair:6 |   11685 |    7089 |  37.8 |      37 |      24 |  39.3
            +---------+---------+-------+---------+---------+-------
